AoeStats
← IdliDosa

Arena

506872738Analyzed
4v4 RM · 16d ago on Sep 15, 2026· 53m 22s· 8 players
Game mode
Random Map
Map size
Large (8 player)
Population
200
Speed
Normal
Resources
Standard
Victory
Conquest
Starting age
Dark Age
Ending age
Imperial Age
RankedLock teamsTeams togetherTeam positionsShared explorationLock speedFull tech treeHidden civsTurbo modeCheats
Victory
Defeat
🇨🇳 Goths · China
1250
+15
1184
+17
🇹🇷 Romans · Türkiye
1129
+20
🇹🇷 Celts · Türkiye
1125
+19
🇪🇸 Poles · Spain
1236
-19
🇮🇳 Japanese · India
1219
-18
🇮🇹 Goths · Italy
1196
-17
🇪🇸 Bohemians · Spain
1195
-17
MLT | Bombad Gastald
5:45 Loom
10:43 Feudal Age
15:46 Castle Age
14:19 Double-Bit Axe
14:13 Man-at-Arms
19:32 Long Swordsman
21:50 Scale Mail Armor
22:50 Squires
36:10 Bow Saw
35:42 Horse Collar
37:02 Chain Mail Armor
36:58 Forging
39:43 Gold Mining
39:43 Stone Mining
45:20 Imperial Age
43:31 Pikeman
45:09 Iron Casting
46:24 Heavy Plow
45:50 Two-Handed Swordsman
45:50 Halberdier
47:42 Two-Man Saw
47:21 Wheelbarrow
47:20 Guilds
48:13 Blast Furnace
47:36 Conscription
47:17 Anarchy
47:01 Champion
47:33 Capped Ram
51:20 Chemistry
51:34 Perfusion
50:54 Elite Huskarl
52:43 Ballistics
esoneplus
10:42 Feudal Age
15:12 Castle Age
13:51 Double-Bit Axe
14:08 Horse Collar
15:33 Loom
16:28 Wheelbarrow
22:37 Bow Saw
22:45 Heavy Plow
27:53 Imperial Age
26:27 Hand Cart
25:58 Town Watch
27:23 Gold Mining
27:47 Forging
27:43 Scale Barding Armor
27:39 Scale Mail Armor
27:29 Fletching
27:40 Padded Archer Armor
28:55 Szlachta Privileges
29:47 Conscription
29:42 Bloodlines
29:34 Husbandry
28:57 Light Cavalry
30:35 Iron Casting
30:15 Town Patrol
32:13 Chemistry
31:26 Fortified Wall
30:57 Treadmill Crane
31:34 Cavalier
33:08 Chain Barding Armor
33:51 Blast Furnace
33:57 Winged Hussar
35:21 Chain Mail Armor
35:04 Bodkin Arrow
35:24 Leather Archer Armor
35:27 Elite Obuch
36:27 Lechitic Legacy
38:35 Plate Mail Armor
42:18 Bracer
VPKT malili
11:23 Feudal Age
11:33 Feudal Age
13:25 Loom
16:23 Castle Age
15:41 Double-Bit Axe
15:37 Horse Collar
17:46 Bow Saw
17:39 Heavy Plow
23:50 Wheelbarrow
23:23 Scale Mail Armor
23:15 Fletching
23:17 Town Watch
26:24 Pikeman
27:25 Chain Mail Armor
28:41 Hand Cart
28:51 Squires
29:07 Forging
33:52 Imperial Age
33:20 Chemistry
32:47 Ballistics
34:06 Houfnice
35:54 Conscription
40:32 Bodkin Arrow
40:39 Padded Archer Armor
44:34 Elite Skirmisher
45:40 Wagenburg Tactics
49:35 Bracer
49:52 Leather Archer Armor
50:28 Elite Hussite Wagon
IdliDosa
11:33 Feudal Age
15:23 Castle Age
13:15 Horse Collar
13:46 Double-Bit Axe
16:36 Bow Saw
23:56 Loom
24:59 Scale Mail Armor
25:59 Squires
27:11 Chain Mail Armor
26:43 Arson
27:10 Forging
28:15 Heavy Plow
29:17 Iron Casting
29:42 Wheelbarrow
32:33 Hand Cart
32:03 Town Watch
36:34 Imperial Age
37:56 Conscription
38:08 Plate Mail Armor
38:38 Blast Furnace
40:20 Elite Samurai
41:50 Stone Mining
41:50 Gold Mining
45:17 Yasama
45:24 Fletching
45:50 Pikeman
Torontist | The Hood
0:26 Loom
10:42 Feudal Age
11:13 Double-Bit Axe
17:33 Castle Age
18:39 Bow Saw
18:10 Horse Collar
20:43 Heavy Plow
27:30 Wheelbarrow
30:53 Imperial Age
31:05 Hand Cart
31:02 Forging
30:52 Scale Mail Armor
31:18 Gold Mining
31:08 Pikeman
32:48 Iron Casting
32:06 Halberdier
33:21 Chain Mail Armor
32:38 Heavy Scorpion
33:40 Conscription
34:35 Furor Celtica
35:13 Capped Ram
37:20 Ballistics
38:01 Chemistry
38:20 Blast Furnace
37:50 Plate Mail Armor
37:19 Siege Ram
38:28 Elite Woad Raider
39:23 Town Watch
40:09 Plate Mail Armor
45:08 Caravan
46:45 Town Patrol
47:30 Scale Barding Armor
48:19 Onager
48:45 Light Cavalry
49:25 Husbandry
InterfectoremTR | The Hood
2:36 Loom
11:29 Feudal Age
15:19 Castle Age
15:51 Double-Bit Axe
17:07 Horse Collar
18:07 Heavy Plow
22:31 Bow Saw
33:06 Imperial Age
30:39 Gold Mining
30:39 Stone Mining
31:43 Bloodlines
31:33 Husbandry
33:17 Forging
33:12 Scale Barding Armor
33:10 Elite Mameluke
36:05 Chain Barding Armor
36:20 Iron Casting
36:42 Conscription
37:44 Plate Barding Armor
41:05 Two-Man Saw
43:18 Blast Furnace
41:41 Light Cavalry
46:08 Caravan
47:31 Hussar
Kopernik | The Hood
0:32 Loom
11:14 Feudal Age
11:17 Feudal Age
12:07 Double-Bit Axe
19:51 Castle Age
21:03 Bow Saw
26:38 Ballistics
53:12 Imperial Age
会做梦的懒猪
11:11 Feudal Age
14:58 Castle Age
13:07 Double-Bit Axe
13:45 Loom
14:36 Wheelbarrow
16:21 Bow Saw
22:17 Hand Cart
21:44 Horse Collar
22:49 Heavy Plow
24:23 Gold Mining
24:23 Stone Mining
30:02 Imperial Age
27:28 Town Watch
28:19 Forging
28:10 Scale Mail Armor
28:36 Man-at-Arms
29:23 Long Swordsman
30:18 Two-Handed Swordsman
31:23 Champion
35:26 Iron Casting
35:07 Chain Mail Armor
35:03 Squires
38:39 Blast Furnace
39:05 Conscription
43:24 Perfusion
47:30 Anarchy
46:51 Elite Huskarl
Connection lost

Rejoining the realm…

Still unreachable

The connection could not be restored.

Session expired

The server has moved on; the page needs a fresh start.